 Dungeon Crawl Stone Soup version 0.31-a0-692-gf03d1854d5 (webtiles) character file.

Game seed: 3369977460501557656

10 qw the Shooter (level 2, 0/17 HPs)
             Began as a Gargoyle Hunter on Sept 6, 2023.
             Slain by a frilled lizard (2 damage)
             ... on level 1 of the Dungeon.
             The game lasted 00:00:08 (188 turns).

qw the Shooter (Gargoyle Hunter)                     Turns: 188, Time: 00:00:09

Health: 0/17       AC:  5    Str: 14    XL:     2   Next: 20%
Magic:  2/2        EV: 11    Int:  9    God:
Gold:   17         SH:  0    Dex: 13    Spells: 1/1 levels left

rFire   . . .        a - +0 shortbow
rCold   . . .        (shield currently unavailable)
rNeg    + . .        c - +0 leather armour
rPois   inf          (no helmet)
rElec   +            (no cloak)
rCorr   .            (no gloves)
SInv    .            (no boots)
Will    .....        (no amulet)
Stlth   +            (no ring)
HPRegen 0.22/turn    (no ring)
MPRegen 0.08/turn

%: no passive effects
@: no status effects
A: sickness immunity, AC +2, negative energy resistance 1, electricity
resistance, torment resistance 1, petrification resistance
a: no special abilities


You were on level 1 of the Dungeon.
You visited 1 branch of the dungeon, and saw 1 of its levels.

You collected 17 gold pieces.


Innate Abilities, Weirdness & Mutations

You are immune to sickness and miasma.
Your stone body is resilient. (AC +2)
You are immune to poison.
You resist negative energy. (rN+)
You are resistant to electric shocks. (rElec)
You are resistant to unholy torment.
You are immune to petrification.


   Skills:
 - Level 2.1 Fighting
 + Level 4.5 Ranged Weapons
 - Level 1.5 Dodging
 - Level 1.1 Stealth


You had one spell level left.
You didn't know any spells.
Your spell library was empty.

Inventory:

Hand Weapons
 a - a +0 shortbow (weapon)
Armour
 c - a +0 leather armour (worn)
 d - a +0 pair of gloves
Jewellery
 e - an amulet of guardian spirit
Scrolls
 b - a scroll of butterflies
 g - a scroll of immolation {unknown}
 h - a scroll of revelation {unknown}
Potions
 f - a potion of lignification {unknown}
 i - a potion of curing {unknown}

Dungeon Overview and Level Annotations

Branches:
Dungeon (1/15)

Altars:


Message History

The arrow barely misses the frilled lizard.
The frilled lizard misses you.
The frilled lizard bites you but does no damage.
The frilled lizard bites you.
You shoot an arrow. The arrow hits the frilled lizard.
The frilled lizard is heavily wounded.
The frilled lizard bites you but does no damage. x2
The frilled lizard barely misses you.
You shoot an arrow.
The arrow barely misses the frilled lizard.
The frilled lizard completely misses you.
The frilled lizard misses you. The frilled lizard bites you.
You shoot an arrow.
The arrow barely misses the frilled lizard.
The frilled lizard barely misses you. x2; The frilled lizard misses you.
You shoot an arrow. The arrow misses the frilled lizard.
The frilled lizard bites you. The frilled lizard closely misses you.
The frilled lizard barely misses you. The frilled lizard bites you. x2
The frilled lizard barely misses you.
You shoot an arrow.
The arrow barely misses the frilled lizard.
The frilled lizard bites you.
The frilled lizard closely misses you. x2
You shoot an arrow.
The arrow barely misses the frilled lizard.
The frilled lizard bites you.
The frilled lizard barely misses you. x2
You shoot an arrow.
The arrow barely misses the frilled lizard.
The frilled lizard closely misses you. The frilled lizard barely misses you.
The frilled lizard bites you but does no damage.
You shoot an arrow.
The arrow hits the frilled lizard but does no damage.
The frilled lizard bites you but does no damage. x2
The frilled lizard barely misses you.
You shoot an arrow.
The arrow barely misses the frilled lizard.
The frilled lizard bites you but does no damage.
The frilled lizard misses you. The frilled lizard barely misses you.
The frilled lizard completely misses you.
The frilled lizard bites you.
You die...

#####..................
#......:.........#
#.###.#####.###........
#.###.# #.# #..######
#.....# #.# #..#
#..#### #.# #..#
###..### #.# #..#
#......# #.###..##
#.#..### #@l......
#.#..# #P...ll####.#.
#.#..# ###..ll. #.#..#
###...# #.#^.. .##.#
#.#.... .. .. #.#..##
.. .. #.# ... ... #.#


You could see 5 frilled lizards.

Vanquished Creatures
  2 hobgoblins (D:1)
  A quokka (D:1)
  2 ball pythons (D:1)
  3 frilled lizards (D:1)
  3 rats (D:1)
11 creatures vanquished.

Notes
Turn   | Place    | Note
-------+----------+-------------------------------------------
     0 | D:1      | qw the Gargoyle Hunter began the quest for the Orb.
     0 | D:1      | Reached XP level 1. HP: 12/12 MP: 1/1
     0 | D:1      | 0 ||| qw: Version: 0.3-a-76-g4403597
     0 | D:1      | 0 ||| qw: Game counter: 283
     0 | D:1      | 0 ||| qw: Melee chars always use a shield: true
     0 | D:1      | 0 ||| qw: God list: Okawaru
     0 | D:1      | 0 ||| qw: Allow faded altars: false
     0 | D:1      | 0 ||| qw: Do Orc after clearing Dungeon:15 true
     0 | D:1      | 0 ||| qw: Do second Lair branch before Depths: true
     0 | D:1      | 0 ||| qw: Lair rune preference: random
     0 | D:1      | 0 ||| qw: Goals: Normal
     0 | D:1      | 0 ||| PLANNING D:1-11
    82 | D:1      | Reached XP level 2. HP: 17/17 MP: 2/2
   184 | D:1      | HP: 4/17 [frilled lizard (1)]
   185 | D:1      | HP: 1/17 [frilled lizard (3)]
   188 | D:1      | Slain by a frilled lizard

Levels and vault maps discovered:
D:1:      minmay_arrival_nine_rooms, layout_loops_ring, minmay_lizard_king

Action                     || total
---------------------------++-------
   Fire: Shortbow          ||    55
 Armour: Leather armour    ||    47
  Dodge: Dodged            ||    44

Table legend:
 A = Non-vault XP
 B = Vault XP
 C = Vault XP percentage of total XP
 D = Non-vault monster count
 E = Vault monster count
 F = Vault count percentage of total count
                 A         B        C        D         E       F
            +---------+---------+-------+---------+---------+-------
      Total |      12 |       3 |  20.0 |       8 |       3 |  27.3
            +---------+---------+-------+---------+---------+-------
        D:1 |      12 |       3 |  20.0 |       8 |       3 |  27.3
            +---------+---------+-------+---------+---------+-------
